[Event "Early-Titled-Tuesday-Blitz-May-28-2024"]
[Site "Chess.com"]
[Date "2024.05.28"]
[Round "1"]
[White "kleinebeer98"]
[Black "LiadCuba"]
[Result "1-0"]
[WhiteElo "2963"]
[BlackElo "2518"]
[TimeControl "180+1"]
[EndTime "8:05:04 PDT"]
[Termination "kleinebeer98 won on time"]

1. e4 c5 2. Nf3 d6 3. d4 cxd4 4.
Nxd4 Nf6 5. Nc3 a6 6. a3 e5 7. Nf5 d5 8. Bg5 d4 9. Bxf6 gxf6 10. Nb1 Bxf5 11. exf5 Nd7 12. Qh5 Nb6 13. Nd2 Qc7 14. Bd3 O-O-O 15. O-O Nd5 16. g3 Rg8 17. Kh1 Rg5 18.
Qf3 Be7 19. Ne4 Rg7 20. Rfd1 h5 21. h4 Kb8 22. Rac1 Qb6 23. Bf1 Nc7 24. Bg2 Nb5 25.
Rd3 a5 26. a4 Na7 27. Rb3 Bb4 28. c3 dxc3 29. bxc3 Nc6 30. cxb4 axb4 31. Qe3 Nd4 32. Rcb1 Rc8 33. Rxb4 Qc7 34. Nd6 Qxd6 35. Rxb7+ Ka8 36.
Rb8+ Ka7 37. Rxc8 1-0

[Event "Early-Titled-Tuesday-Blitz-May-28-2024"]
[Site "Chess.com"]
[Date "2024.05.28"]
[Round "1"]
[White "youngKID"]
[Black "Jeppesen08"]
[Result "1-0"]
[WhiteElo "2864"]
[BlackElo "2486"]
[TimeControl "180+1"]
[EndTime "8:05:06 PDT"]
[Termination "youngKID won by resignation"]

1. d4 e6 2. e4 d5 3. Nd2 dxe4 4.
Nxe4 Nf6 5. Nxf6+ Qxf6 6. Nf3 h6 7. Bd3 c5 8. Be3 Nd7 9. Qe2 Be7 10. O-O-O O-O 11. g4 cxd4 12. g5 hxg5 13. Bxg5 Qxg5+ 14. Nxg5 Bxg5+ 15. Kb1 Bf6 16. Qh5 g6 17. Bxg6 fxg6 18.
Qxg6+ Bg7 19. Rhg1 Rf7 20. Rxd4 e5 21. Rdg4 Nf8 22.
Qxg7+ Rxg7 23. Rxg7+ Kh8 24. Rg8+ Kh7 25. Rxf8 b6 26.
Rgg8 Be6 27. Rh8+ 1-0

[Event "Early-Titled-Tuesday-Blitz-May-28-2024"]
[Site "Chess.com"]
[Date "2024.05.28"]
[Round "1"]
[White "H3nriqueTV"]
[Black "ril1997"]
[Result "1-0"]
[WhiteElo "2354"]
[BlackElo "2631"]
[TimeControl "180+1"]
[EndTime "8:05:07 PDT"]
[Termination "H3nriqueTV won by checkmate"]

1. e4 e5 2. Nf3 Nc6 3. Bb5 a6 4. Ba4 Nge7 5. O-O g6 6. h3 Bg7 7.
c3 O-O 8. d4 exd4 9. cxd4 d5 10. e5 f6 11. Bf4 fxe5 12. Bxe5 Nxe5 13. Nxe5 Bxe5 14. dxe5 c6 15. Nc3 Nf5 16. Qd2 Be6 17. Bc2 Qh4 18. Ne2 c5 19. Nf4 Qh6 20. Rad1 Rae8 21.
Nxe6 Qxd2 22. Rxd2 Rxe6 23. Rxd5 Nd4 24. Rxd4 cxd4 25. Bb3 Kf7 26. f4 Ke7 27. Bxe6 Kxe6 28. Kf2 Rc8 29. Re1 h5 30. Kf3 d3 31. Rd1 Rc2 32. Rxd3 Rxb2 33. Rd6+ Kf7 34. g4 hxg4+ 35.
hxg4 Rxa2 36. f5 g5 37. e6+ Kf6 38. Rd7 Ra3+ 39. Ke4 Ra4+ 40. Kf3 Rf4+ 41. Kg3 Re4 42. Rf7+ Ke5 43. Rxb7 Re3+ 44. Kf2 Re4 45. Rb8 Kf4 46. f6 Rxe6 47. f7 Rf6 48. f8=Q Rxf8 49. Rxf8+ Kxg4 50. Ra8 Kh3 51. Rxa6 g4 52. Rg6 Kh4 53. Rg8 Kh3 54. Ke3 g3 55. Kf3 g2 56. Rh8# 1-0

[Event "Early-Titled-Tuesday-Blitz-May-28-2024"]
[Site "Chess.com"]
[Date "2024.05.28"]
[Round "1"]
[White "Viktoker"]
[Black "Aswathchess"]
[Result "0-1"]
[WhiteElo "2399"]
[BlackElo "2717"]
[TimeControl "180+1"]
[EndTime "8:05:08 PDT"]
[Termination "Aswathchess won by resignation"]

1. d4 Nf6 2. c4 e6 3. Nf3 d5 4.
g3 Be7 5. Bg2 O-O 6. O-O a5 7.
Qc2 b6 8. b3 Bb7 9. Nc3 Nbd7 10.
Bf4 Rc8 11. e3 Re8 12. h4 c5 13. Rac1 dxc4 14. Nb5 cxd4 15. exd4 cxb3 16. Qxb3 Rxc1 17.
Rxc1 Nd5 18. Bc7 Nxc7 19. Rxc7 Bd5 20. Qc2 Nf6 21. a4 Be4 22. Qc1 Nd5 23. Ra7 Qc8 24.
Qxc8 Rxc8 25. Ne5 Bxg2 26. Kh2 Be4 0-1

[Event "Early-Titled-Tuesday-Blitz-May-28-2024"]
[Site "Chess.com"]
[Date "2024.05.28"]
[Round "1"]
[White "xiaopang123"]
[Black "chucksterf10"]
[Result "0-1"]
[WhiteElo "2313"]
[BlackElo "2633"]
[TimeControl "180+1"]
[EndTime "8:05:09 PDT"]
[Termination "chucksterf10 won by resignation"]

1. d4 d6 2. Nf3 Bg4 3. g3 Bxf3 4.
exf3 c6 5. Bg2 Nf6 6. O-O g6 7.
c4 Bg7 8. Nc3 O-O 9. d5 Nbd7 10.
dxc6 bxc6 11. f4 Qc7 12. Be3 Rab8 13. b3 Ng4 14. Bd4 e5 15. fxe5 dxe5 16. Bxa7 Qxa7 17. Qxg4 f5 18. Qe2 e4 19. Rac1 Ne5 20. Na4 Nd3 21.
Rcd1 Bd4 22. Rxd3 exd3 23. Qxd3 Rbd8 24. Qf3 c5 25. h4 Qe7 26. Nb6 Rfe8 27. Qc6 Rd6 28.
Nd5 Bxf2+ 29. Kh1 Qd8 30. Qb7 Bxg3 0-1

[Event "Early-Titled-Tuesday-Blitz-May-28-2024"]
[Site "Chess.com"]
[Date "2024.05.28"]
[Round "1"]
[White "korbul"]
[Black "gabduschew"]
[Result "1-0"]
[WhiteElo "2644"]
[BlackElo "2332"]
[TimeControl "180+1"]
[EndTime "8:05:10 PDT"]
[Termination "korbul won by resignation"]

1. d4 Nf6 2. Nf3 d5 3. c4 c6 4.
e3 e6 5. Nc3 Bd6 6. Be2 O-O 7.
O-O Nbd7 8. b3 Re8 9. Bb2 e5 10.
cxd5 cxd5 11. Nb5 Bb8 12. dxe5 Nxe5 13. Nxe5 Bxe5 14. Bxe5 Rxe5 15. Rc1 a6 16. Nd4 Ne4 17. Qc2 h6 18. Qc7 Qe8 19. Rc2 Rg5 20. Bf3 Bh3 21.
Rfc1 Rc8 22. Qxc8 Bxc8 23. Rxc8 Qxc8 24. Rxc8+ Kh7 25. Bxe4+ dxe4 26. Rc7 b5 27. Rxf7 Rc5 28. g4 Rc1+ 29. Kg2 Ra1 30. Nf5 Rxa2 31. Rxg7+ Kh8 32. Rg6 a5 33. Rxh6+ Kg8 34. Rb6 b4 35. Ra6 Ra3 36. Nd4 Ra2 37. Kg3 Kg7 38. h4 1-0

[Event "Early-Titled-Tuesday-Blitz-May-28-2024"]
[Site "Chess.com"]
[Date "2024.05.28"]
[Round "1"]
[White "TitarovVasiliYouTube"]
[Black "AnaKuchava"]
[Result "1-0"]
[WhiteElo "2587"]
[BlackElo "2192"]
[TimeControl "180+1"]
[EndTime "8:05:10 PDT"]
[Termination "TitarovVasiliYouTube won by resignation"]

1. g3 d5 2. Bg2 c5 3. Nf3 Nc6 4. O-O Nf6 5. d3 e5 6. Nbd2 Be7 7. e4 O-O 8. exd5 Nxd5 9. Re1 f6 10. c3 Bg4 11. Qb3 Na5 12. Qc2 Rc8 13. h3 Bh5 14.
Ne4 Bf7 15. Bd2 Nc6 16. Rad1 Qb6 17. Bc1 Rfd8 18. Nfd2 Qa6 19. a3 Nb6 20. Bf1 Na5 21.
d4 c4 22. dxe5 fxe5 23. Nf3 Nc6 24. Neg5 Bxg5 25. Nxg5 Rxd1 26. Qxh7+ Kf8 27. Rxd1 Qxa3 28. bxa3 1-0

[Event "Early-Titled-Tuesday-Blitz-May-28-2024"]
[Site "Chess.com"]
[Date "2024.05.28"]
[Round "1"]
[White "Fore_Man"]
[Black "JonasEilenberg"]
[Result "0-1"]
[WhiteElo "2260"]
[BlackElo "2606"]
[TimeControl "180+1"]
[EndTime "8:05:12 PDT"]
[Termination "JonasEilenberg won by resignation"]

1. Nf3 d5 2. c4 e6 3. b3 Nf6 4.
Bb2 b6 5. e3 Bb7 6. Be2 Bd6 7.
O-O O-O 8. Nc3 a6 9. d4 Nbd7 10.
Rc1 Re8 11. Qc2 Qe7 12. Rfd1 Rac8 13. Qb1 c5 14. cxd5 exd5 15. Nh4 g6 16. Nf3 c4 17. bxc4 dxc4 18. a4 Nd5 19. Nxd5 Bxd5 20. Nd2 b5 21. axb5 axb5 22. Bf3 Bxf3 23. gxf3 Nb6 24.
e4 Bf4 25. d5 Bxd2 26. Rxd2 Qg5+ 27. Kh1 Qxd2 28. Rd1 Qf4 29. Kg2 c3 30. Bxc3 Rxc3 31. Qxb5 Qxf3+ 0-1

[Event "Early-Titled-Tuesday-Blitz-May-28-2024"]
[Site "Chess.com"]
[Date "2024.05.28"]
[Round "1"]
[White "youngdinousaur"]
[Black "Iskusnyh"]
[Result "0-1"]
[WhiteElo "2307"]
[BlackElo "2617"]
[TimeControl "180+1"]
[EndTime "8:05:13 PDT"]
[Termination "Iskusnyh won by resignation"]

1. d4 d5 2. Bf4 Nf6 3. e3 c5 4. c3 Nc6 5. Nf3 Qb6 6. Qc2 g6 7.
Nbd2 cxd4 8. exd4 Bg7 9. Be2 O-O 10. O-O Nh5 11. Be3 f5 12. Nb3 Nf6 13. Ne5 Ne4 14. f3 Nxe5 15. fxe4 dxe4 16. c4 Nc6 17. c5 Qd8 18. d5 Nb4 19. Qc4 Nxd5 20. Rfd1 e6 21. Bd4 Qg5 22. Bxg7 Kxg7 23. Qd4+ Kh6 24. Bc4 Nf4 25. Qd2 e3 26. h4 Qg3 27. Qc2 e2 0-1

[Event "Early-Titled-Tuesday-Blitz-May-28-2024"]
[Site "Chess.com"]
[Date "2024.05.28"]
[Round "1"]
[White "Navyblue1"]
[Black "DrCeltic"]
[Result "0-1"]
[WhiteElo "2238"]
[BlackElo "2599"]
[TimeControl "180+1"]
[EndTime "8:05:16 PDT"]
[Termination "DrCeltic won by resignation"]

1. d4 Nf6 2. c4 c6 3. Nc3 d5 4. Nf3 dxc4 5. a4 Bf5 6. e3 e6 7. Bxc4 Bb4 8. O-O Nbd7 9. Bd2 O-O 10. Re1 Qe7 11. e4 Bg4 12. h3 Bh5 13. e5 Nd5 14. Be2 h6 15. Qb3 a5 16. Rac1 N7b6 17. Nxd5 Nxd5 18.
Red1 Rfd8 19. Qc4 Bxd2 20. Rxd2 Nf4 21. Bd1 Bxf3 22. Bxf3 Qg5 23. Qc3 Nxh3+ 24. Kh1 Nf4 25. Kg1 Rd7 26. Rcd1 Rad8 27. Qb3 Ng6 28. Qxb7 Rxb7 0-1

[Event "Early-Titled-Tuesday-Blitz-May-28-2024"]
[Site "Chess.com"]
[Date "2024.05.28"]
[Round "1"]
[White "ASKA538"]
[Black "Timerkhanov"]
[Result "0-1"]
[WhiteElo "2387"]
[BlackElo "2707"]
[TimeControl "180+1"]
[EndTime "8:05:18 PDT"]
[Termination "Timerkhanov won by resignation"]

1. e4 c5 2. d4 cxd4 3. c3 dxc3 4. Nxc3 e6 5. Nf3 a6 6. Bc4 Ne7 7. O-O Ng6 8. Qe2 d6 9. Rd1 Be7 10. Bb3 O-O 11. Be3 b5 12. Rac1 Bb7 13. Nd4 Nd7 14. f3 Rc8 15. Qf2 Nde5 16. Rc2 Nc4 17. Bc1 Bf6 18.
Re2 Qb6 19. Bxc4 Rxc4 20. Be3 Qc7 21. g4 h6 22. Qg3 b4 23. Na4 Bc6 24. b3 Bxa4 25. bxa4 Rc3 26. g5 hxg5 27. Bxg5 Bxg5 28. Qxg5 Qc5 29. Red2 Qxg5+ 0-1

[Event "Early-Titled-Tuesday-Blitz-May-28-2024"]
[Site "Chess.com"]
[Date "2024.05.28"]
[Round "1"]
[White "KatakuriDono"]
[Black "karinachess1"]
[Result "0-1"]
[WhiteElo "2266"]
[BlackElo "2607"]
[TimeControl "180+1"]
[EndTime "8:05:19 PDT"]
[Termination "karinachess1 won by resignation"]

1. d4 Nf6 2. Nf3 e6 3. g3 d5 4. Bg2 b5 5. O-O Bb7 6. a4 b4 7. c4 Nbd7 8. cxd5 exd5 9. Nbd2 Be7 10. Nb3 O-O 11. Na5 Rb8 12. Nxb7 Rxb7 13. a5 b3 14. Bf4 c5 15. dxc5 Nxc5 16. Nd4 Qd7 17. Rc1 Rb4 18. Be3 Rc8 19. Qd2 Nce4 20. Qd3 Nc5 21.
Qd2 Rc4 22. Rxc4 dxc4 23. Rc1 Nce4 24. Qd1 Bb4 25. f3 Bd2 26. fxe4 Bxe3+ 27. Kh1 Bxc1 28. Qg1 Bxb2 29. Nf5 c3 30. e5 Qxf5 31. exf6 c2 0-1

[Event "Early-Titled-Tuesday-Blitz-May-28-2024"]
[Site "Chess.com"]
[Date "2024.05.28"]
[Round "1"]
[White "Ginger_GM"]
[Black "UK_23"]
[Result "1-0"]
[WhiteElo "2738"]
[BlackElo "2415"]
[TimeControl "180+1"]
[EndTime "8:05:24 PDT"]
[Termination "Ginger_GM won by resignation"]

1. f4 e5 2. e4 Nf6 3. fxe5 Nxe4 4. Qf3 d5 5. d3 Ng5 6. Qg3 Be7 7. h4 Ne6 8. Nf3 Nc6 9. c3 d4 10. Nbd2 b6 11. Ne4 Bb7 12. Be2 h6 13. c4 Qd7 14.
a3 a5 15. O-O a4 16. Bd2 g5 17. h5 O-O-O 18. Nh2 Nf4 19. Bg4 Ne6 20. Rxf7 Rdf8 21. Raf1 Rxf7 22. Rxf7 Rf8 23. Qh3 Ncd8 24. Rxf8 Bxf8 25.
Nf6 Qf7 26. Nf3 Kb8 27. Kh1 c5 28. Bf5 Nf4 29. Bxf4 gxf4 30. Qg4 Nc6 31. Nd7+ Ka7 32. e6 Qe7 33. Qxf4 Bg7 34. Qc7 1-0

[Event "Early-Titled-Tuesday-Blitz-May-28-2024"]
[Site "Chess.com"]
[Date "2024.05.28"]
[Round "1"]
[White "OhanyanEminChess"]
[Black "Gryffindorac8"]
[Result "1-0"]
[WhiteElo "2819"]
[BlackElo "2468"]
[TimeControl "180+1"]
[EndTime "8:05:25 PDT"]
[Termination "OhanyanEminChess won by resignation"]

1. Nf3 Nf6 2. c3 d5 3. e3 c5 4. g3 Nc6 5. d4 g6 6. Bg2 Bg7 7. dxc5 O-O 8. O-O e5 9. b4 e4 10.
Nd4 Ne5 11. Nd2 Bg4 12. f3 exf3 13. N2xf3 Nxf3+ 14. Bxf3 Bxf3 15. Qxf3 Ne4 16. Ne2 Nxc3 17.
Nxc3 Bxc3 18. Rb1 d4 19. exd4 Bxd4+ 20. Kh1 Qe7 21. Bf4 Rad8 22. Bd6 Rxd6 23. cxd6 Qxd6 24. Qxb7 Qe6 25. a4 Qa2 26. a5 Re8 27. Rbe1 Rd8 28. Qg2 Qc4 29. Rb1 Bc3 30. Rbc1 Qxb4 31. Qf3 Bg7 32.
Qxf7+ Kh8 33. Rce1 Qxa5 34. Re8+ 1-0

[Event "Early-Titled-Tuesday-Blitz-May-28-2024"]
[Site "Chess.com"]
[Date "2024.05.28"]
[Round "1"]
[White "LeoLV10"]
[Black "olawsson"]
[Result "1-0"]
[WhiteElo "2574"]
[BlackElo "2135"]
[TimeControl "180+1"]
[EndTime "8:05:26 PDT"]
[Termination "LeoLV10 won on time"]

1. e4 c5 2. Nf3 a6 3. d4 cxd4 4. Nxd4 Nf6 5. Bd3 e5 6. Nb3 d5 7. exd5 Nxd5 8. O-O Be7 9. Re1 Nc6 10. a3 O-O 11. c4 Nc7 12. Nc3 f5 13. Qc2 e4 14.
Bf1 Be6 15. Rd1 Qe8 16. Bf4 Rc8 17. Na4 g5 18. Bd6 Bxd6 19. Rxd6 Qe7 20. Rad1 Rcd8 21. c5 Ne5 22. Nb6 Qf7 23. Nd4 Bc8 24. Bc4 1-0

[Event "Early-Titled-Tuesday-Blitz-May-28-2024"]
[Site "Chess.com"]
[Date "2024.05.28"]
[Round "1"]
[White "abelmat"]
[Black "KononenkoD"]
[Result "0-1"]
[WhiteElo "2045"]
[BlackElo "2567"]
[TimeControl "180+1"]
[EndTime "8:05:29 PDT"]
[Termination "KononenkoD won by resignation"]

1. c4 c5 2. Nc3 Nc6 3. Nf3 g6 4. g3 Bg7 5. Bg2 d6 6. O-O Bf5 7. d4 cxd4 8. Nb5 e5 9. Nh4 Be6 10. b3 a6 11. Na3 Nge7 12. e3 O-O 13. Bb2 dxe3 14. fxe3 d5 15. Qe2 d4 16. Rad1 Qa5 17. Nf3 Rad8 18. Ng5 Bf5 19. e4 Bc8 20. h4 h6 21. Nh3 f5 22. Nf2 f4 23. Nd3 fxg3 24.
Rxf8+ Rxf8 25. c5 h5 26. Bc1 Bg4 27. Nc4 Bxe2 28. Nxa5 Bxd1 29. Nxc6 Nxc6 30. Bg5 Kh7 31. Bh3 Bf3 32. Bg2 Bh6 0-1

[Event "Early-Titled-Tuesday-Blitz-May-28-2024"]
[Site "Chess.com"]
[Date "2024.05.28"]
[Round "1"]
[White "2Coaches1Profile"]
[Black "enriquebutti"]
[Result "1-0"]
[WhiteElo "2569"]
[BlackElo "2087"]
[TimeControl "180+1"]
[EndTime "8:05:30 PDT"]
[Termination "2Coaches1Profile won by resignation"]

1. d4 Nf6 2. Nf3 c5 3. e3 d5 4. c3 Nbd7 5. Bd3 g6 6. O-O Bg7 7. Nbd2 O-O 8. Re1 Qc7 9. e4 cxd4 10. Nxd4 Nc5 11. Bc2 dxe4 12. Nxe4 Nfxe4 13. Bxe4 Rd8 14. Qf3 e5 15. Nb5 Qb6 16. Na3 Nxe4 17. Qxe4 Bf5 18. Qh4 Bd3 19. b3 e4 20. Bg5 Bxc3 21. Rac1 Qa5 22.
Red1 Bb2 23. Nc4 Bxc4 24. Bxd8 Qxa2 25. Rxc4 Qxb3 26. Rcc1 Bxc1 27. Rxc1 a5 28. Bf6 Qb6 29. Ba1 Qe6 30. Qh6 f6 31. Rc7 1-0

[Event "Early-Titled-Tuesday-Blitz-May-28-2024"]
[Site "Chess.com"]
[Date "2024.05.28"]
[Round "1"]
[White "Yan_Dyomin2010"]
[Black "KnightmareJoker"]
[Result "1-0"]
[WhiteElo "2613"]
[BlackElo "2298"]
[TimeControl "180+1"]
[EndTime "8:05:32 PDT"]
[Termination "Yan_Dyomin2010 won by resignation"]

1. e4 e5 2. d4 exd4 3. Qxd4 Nc6 4. Qd3 Nf6 5. Nc3 Bc5 6. Bf4 d6 7. f3 Be6 8. O-O-O Qd7 9. Nge2 O-O-O 10. a3 h6 11. Na4 Bb6 12. Nxb6+ axb6 13. Nd4 Nxd4 14. Qxd4 Rhg8 15. a4 Qe8 16. b3 Nd7 17. Bb5 Qe7 18. g4 Nc5 19. b4 Nd7 20. h4 f6 21. h5 Bf7 22. Kb2 Ne5 23. Be2 Qe6 24. Ra1 c5 25. Qc3 Nc4+ 26. Kc1 Ne5 27. a5 bxa5 28. bxc5 Nc6 29.
cxd6 Kd7 30. Bb5 Rc8 31. Rxa5 Rb8 32. Ra7 Rgc8 33. Rd1 Bg8 34. Rd5 Qe8 35. Rc5 Kd8 36. Bxc6 Rxc6 37. d7 Qe6 38. Rxc6 Qxc6 39. Qxc6 bxc6 40.
Bxb8 1-0

[Event "Early-Titled-Tuesday-Blitz-May-28-2024"]
[Site "Chess.com"]
[Date "2024.05.28"]
[Round "1"]
[White "RantomOpening"]
[Black "HighLawView"]
[Result "1-0"]
[WhiteElo "2568"]
[BlackElo "2065"]
[TimeControl "180+1"]
[EndTime "8:05:33 PDT"]
[Termination "RantomOpening won by resignation"]

1. c4 c6 2. Nf3 d6 3. e4 Nf6 4. Nc3 g6 5. d4 Bg7 6. Be2 O-O 7. O-O Nbd7 8. Be3 e5 9. dxe5 dxe5 10. h3 Qe8 11. Qc2 Nh5 12. Rfe1 f5 13. exf5 gxf5 14. Rad1 e4 15. Nd4 f4 16. Bc1 Nc5 17.
b4 f3 18. Bxf3 Rxf3 19. Nxf3 Bxh3 20. bxc5 Qg6 21. Nh4 Qg4 22. Rxe4 Qc8 23. Bg5 Bg4 24. Rd8+ 1-0

[Event "Early-Titled-Tuesday-Blitz-May-28-2024"]
[Site "Chess.com"]
[Date "2024.05.28"]
[Round "1"]
[White "Tol_Tol"]
[Black "js20000"]
[Result "0-1"]
[WhiteElo "2378"]
[BlackElo "2682"]
[TimeControl "180+1"]
[EndTime "8:05:34 PDT"]
[Termination "js20000 won by resignation"]

1. d4 d6 2. c4 Nf6 3. Nc3 Bf5 4. f3 e5 5. e4 Bg6 6. dxe5 dxe5 7. Qxd8+ Kxd8 8.
Bg5 Nd7 9. O-O-O c6 10. Bxf6+ gxf6 11. g3 Kc7 12. h4 h5 13. Bh3 Nc5 14. Nge2 Bh6+ 15.
Kc2 a5 16. b3 Be3 17. a3 Rhd8 18. Rxd8 Rxd8 19. Rd1 Rg8 20. b4 axb4 21. axb4 Ne6 22. Rd3 Bf2 23. Nd1 Be1 24. Kb3 Bh7 25. c5 Bxg3 26. Rd6 Bxh4 27. Bxe6 fxe6 28. Rxe6 Rg7 29. Ne3 Bg8 0-1

[Event "Early-Titled-Tuesday-Blitz-May-28-2024"]
[Site "Chess.com"]
[Date "2024.05.28"]
[Round "1"]
[White "RobertJFischer71"]
[Black "pirulillo"]
[Result "0-1"]
[WhiteElo "2634"]
[BlackElo "2359"]
[TimeControl "180+1"]
[EndTime "8:05:34 PDT"]
[Termination "pirulillo won by resignation"]

1. e4 c5 2. Nf3 e6 3. d4 cxd4 4. Nxd4 Nf6 5. Nc3 Nc6 6. g3 d5 7. exd5 Nxd5 8. Nxc6 bxc6 9. Bg2 Bb4 10. Bd2 O-O 11. O-O Bxc3 12. bxc3 Ba6 13. Re1 Qc7 14. Qg4 Rae8 15. Rab1 f5 16. Qd4 e5 17. Qc5 e4 18.
c4 Nb6 19. Bf4 Qc8 20. Bf1 Rf7 21. Red1 Rd7 22. Qxf5 Rxd1 23. Qxc8 Rxf1+ 24. Rxf1 Rxc8 25. Re1 Re8 26. c5 Nd5 27. Bd6 Kf7 28. h3 Bc4 29.
a3 e3 30. fxe3 Rxe3 31. Rb1 Rxa3 32. Rb7+ Kg6 33. Kf2 Ra2 34. Be5 Rxc2+ 35. Kf3 Be2+ 36. Ke4 Nf6+ 37. Ke3 Bb5 38. Rxa7 Re2+ 0-1

[Event "Early-Titled-Tuesday-Blitz-May-28-2024"]
[Site "Chess.com"]
[Date "2024.05.28"]
[Round "1"]
[White "ValeriyGrinev"]
[Black "FMStan15"]
[Result "1-0"]
[WhiteElo "2575"]
[BlackElo "2137"]
[TimeControl "180+1"]
[EndTime "8:05:34 PDT"]
[Termination "ValeriyGrinev won by resignation"]

1. e4 e6 2. d4 d5 3. e5 c5 4. c3 Nc6 5. Nf3 Qb6 6. Bd3 cxd4 7. O-O dxc3 8. Nxc3 a6 9. Re1 Nge7 10. h4 h6 11. h5 Bd7 12. Na4 Qd8 13. Be3 Nc8 14. Rc1 Be7 15. Nc5 b6 16. Nxd7 Qxd7 17. Qa4 Nxe5 18.
Qd1 Nxf3+ 19. Qxf3 O-O 20. Qg3 Kh8 21. Rc7 Qd6 22. Bf4 Qb4 23. Rec1 Bf6 24. Bb1 Ne7 25.
Qd3 Nf5 26. Bd2 g6 27. Bxb4 1-0

[Event "Early-Titled-Tuesday-Blitz-May-28-2024"]
[Site "Chess.com"]
[Date "2024.05.28"]
[Round "1"]
[White "viktorskliarov"]
[Black "UmarovSabir"]
[Result "1-0"]
[WhiteElo "2645"]
[BlackElo "2334"]
[TimeControl "180+1"]
[EndTime "8:05:35 PDT"]
[Termination "viktorskliarov won by resignation"]

1. e4 c6 2. d4 d5 3. e5 g6 4. h3 Bg7 5. Ne2 f6 6. f4 Nh6 7. Ng3 O-O 8. exf6 exf6 9. Bd3 Re8+ 10. Kf2 Qb6 11. c3 c5 12. Re1 Rxe1 13. Qxe1 cxd4 14.
Qe8+ Bf8 15. Qxc8 dxc3+ 16. Be3 Qxb2+ 17. Kf3 Qxa1 18. Qxb7 Qxa2 19. Nxc3 Qa5 20. Nxd5 Bg7 21. Qxa8 1-0

[Event "Early-Titled-Tuesday-Blitz-May-28-2024"]
[Site "Chess.com"]
[Date "2024.05.28"]
[Round "1"]
[White "Kezin_Roman"]
[Black "David_ATM"]
[Result "1-0"]
[WhiteElo "2784"]
[BlackElo "2440"]
[TimeControl "180+1"]
[EndTime "8:05:36 PDT"]
[Termination "Kezin_Roman won by resignation"]

1. d4 d5 2. c4 c6 3. Nc3 Nf6 4.
e3 Bf5 5. cxd5 Nxd5 6. Bc4 e6 7. Nge2 Bg6 8. O-O Be7 9. Ng3 Nd7 10. f4 Bh4 11. Qf3 Bxg3 12. hxg3 N7f6 13. g4 Nxc3 14. bxc3 Be4 15. Qg3 Bd5 16. Bd3 Ne4 17. Qe1 b5 18.
a4 a6 19. Ba3 h5 20. g5 f5 21. gxf6 gxf6 22. f5 Qd7 23. fxe6 Qxe6 24. Qh4 O-O-O 25. axb5 axb5 26. Bc5 Nxc5 27. Bf5 Qxf5 28. Rxf5 Ne4 29. Ra7 Kb8 30. Re7 Rhg8 31. Rxe4 Rd7 32. Rf2 Rdg7 33. Qxf6 Bxe4 34. Qf4+ Kb7 35. Qxe4 1-0

[Event "Early-Titled-Tuesday-Blitz-May-28-2024"]
[Site "Chess.com"]
[Date "2024.05.28"]
[Round "1"]
[White "JG-17"]
[Black "luachess1"]
[Result "1-0"]
[WhiteElo "2552"]
[BlackElo "1670"]
[TimeControl "180+1"]
[EndTime "8:05:39 PDT"]
[Termination "JG-17 won by resignation"]

1. e4 c5 2. Nf3 e6 3. g3 Nc6 4.
Bg2 Be7 5. O-O d6 6. d4 cxd4 7.
Nxd4 Qc7 8. Nc3 a6 9. Be3 Nf6 10.
h3 O-O 11. f4 Nxd4 12. Qxd4 e5 13. fxe5 dxe5 14. Qd2 Rd8 15. Qf2 Qc6 16. Kh1 Be6 17.
Rad1 b5 18. Nd5 Bxd5 19. exd5 Qd6 20. g4 Rac8 21. g5 Nd7 22. Qxf7+ Kh8 23. c3 Rf8 24.
Qe6 Nc5 25. Bxc5 Qxc5 26. d6 Rxf1+ 27. Bxf1 Bf8 28. Bg2 Rd8 29. d7 Qc7 30. Rd5 b4 31.
Qxe5 Qxe5 32. Rxe5 Kg8 33. Bd5+ Kh8 34. Re8 1-0

[Event "Early-Titled-Tuesday-Blitz-May-28-2024"]
[Site "Chess.com"]
[Date "2024.05.28"]
[Round "1"]
[White "aanshnerurkar"]
[Black "crescentmoon2411"]
[Result "0-1"]
[WhiteElo "2492"]
[BlackElo "2884"]
[TimeControl "180+1"]
[EndTime "8:05:40 PDT"]
[Termination "crescentmoon2411 won by resignation"]

1. e4 c6 2. d4 d5 3. e5 Bf5 4. Nd2 e6 5. Nb3 c5 6. dxc5 Bxc5 7. Nxc5 Qa5+ 8. c3 Qxc5 9. Be3 Qc7 10. f4 Ne7 11. Nf3 Nbc6 12. Be2 O-O 13. O-O Be4 14.
Nd2 g5 15. fxg5 Nxe5 16. Nxe4 dxe4 17. Qc2 Qc6 18. Bd4 N5g6 19. Rae1 Nf5 20. Qd2 Rad8 21. Rxf5 exf5 22. Rf1 f4 23. Bh5 e3 24. Qd3 Rfe8 25. h4 Nxh4 26. Bxf7+ Kf8 27. Qe2 f3 28. gxf3 Kxf7 29.
Bxe3 Nf5 30. Qh2 Kg6 31. Bf4 Qb6+ 32. Kh1 Qb5 33. Rg1 Qe2 34. Qxe2 Rxe2 0-1

[Event "Early-Titled-Tuesday-Blitz-May-28-2024"]
[Site "Chess.com"]
[Date "2024.05.28"]
[Round "1"]
[White "RandomNoob04"]
[Black "Eloist"]
[Result "1-0"]
[WhiteElo "2774"]
[BlackElo "2431"]
[TimeControl "180+1"]
[EndTime "8:05:43 PDT"]
[Termination "RandomNoob04 won by resignation"]

1. e4 e6 2. d4 d5 3. e5 c5 4. c3 Qb6 5. Nf3 Bd7 6. Bd3 cxd4 7. O-O Nc6 8. cxd4 Nxd4 9. Nxd4 Qxd4 10. Nc3 Ne7 11.
Nb5 Qxe5 12. Qf3 Bxb5 13. Bxb5+ Nc6 14. Bf4 Qf5 15. Rac1 Rc8 16. Qg3 Be7 17. Qxg7 Bf6 18. Qg3 h5 19. Rfe1 h4 20. Qf3 Rg8 21. h3 a6 22. Bd3 Nd4 23. Rxc8+ Kd7 24. Rc7+ Ke8 25. Qe3 Qh5 26. Rc8+ Bd8 27. Qxd4 Qf3 28. Bg3 Rxg3 29. Rxd8+ Kxd8 30. Qxh4+ Kd7 31. Qxg3 1-0

[Event "Early-Titled-Tuesday-Blitz-May-28-2024"]
[Site "Chess.com"]
[Date "2024.05.28"]
[Round "1"]
[White "Shushik"]
[Black "Dewarfd"]
[Result "1-0"]
[WhiteElo "2571"]
[BlackElo "2126"]
[TimeControl "180+1"]
[EndTime "8:05:43 PDT"]
[Termination "Shushik won on time"]

1. d4 d5 2. c4 c6 3. Nf3 Nf6 4. Qc2 g6 5. e3 Bg7 6. Bd3 dxc4 7.
Bxc4 Bf5 8. Qb3 O-O 9. Qxb7 Nbd7 10. O-O c5 11. Nc3 Qb6 12. Qxb6 axb6 13. Nh4 cxd4 14. Nxf5 gxf5 15. exd4 Ne4 16. Be3 Ndf6 17. Nb5 Ng4 18.
Bf4 Rac8 19. Rac1 Ngf6 20. f3 Nd6 21. Nxd6 exd6 22. Bxd6 Rfd8 23. Be5 Kf8 24. Rfe1 1-0

[Event "Early-Titled-Tuesday-Blitz-May-28-2024"]
[Site "Chess.com"]
[Date "2024.05.28"]
[Round "1"]
[White "JAN2404"]
[Black "GMAneta"]
[Result "0-1"]
[WhiteElo "1954"]
[BlackElo "2557"]
[TimeControl "180+1"]
[EndTime "8:05:43 PDT"]
[Termination "GMAneta won by resignation"]

1. e4 c5 2. d4 cxd4 3. c3 dxc3 4.
Nxc3 Nc6 5. Nf3 e6 6. Bc4 a6 7. O-O d6 8. Qe2 Nge7 9. Bg5 b5 10.
Bb3 Bb7 11. Rfd1 Qc7 12. Rac1 Rd8 13. Nd5 Qb8 14. Nxe7 Bxe7 15. Bf4 O-O 16. Rd2 Ne5 17. Bxe5 dxe5 18. Rcd1 Rxd2 19. Rxd2 Rd8 20. h3 Rxd2 21.
Qxd2 Bxe4 22. Qd7 Bf6 23. Bd1 Bd5 24. a3 e4 25. Nd2 Bxb2 26. a4 Bc3 27. Nb1 Bd4 28.
Na3 b4 29. Nc4 Bxf2+ 30. Kxf2 Bxc4 31. Qc6 Bd3 32. Bb3 h6 33. g4 Qf4+ 0-1

[Event "Early-Titled-Tuesday-Blitz-May-28-2024"]
[Site "Chess.com"]
[Date "2024.05.28"]
[Round "1"]
[White "Logman74"]
[Black "Anton_Demchenko"]
[Result "0-1"]
[WhiteElo "2515"]
[BlackElo "2956"]
[TimeControl "180+1"]
[EndTime "8:05:44 PDT"]
[Termination "Anton_Demchenko won by resignation"]

1. e4 e5 2. Nf3 Nc6 3. Bb5 a6 4. Ba4 Nge7 5. O-O Ng6 6. d4 exd4 7. Nxd4 Nxd4 8. Qxd4 b5 9. Bb3 Bb7 10. c4 c5 11. Qe3 b4 12. Nd2 Be7 13. Nf3 O-O 14.
Rd1 Qc7 15. Qd3 Rad8 16. Bg5 Bxg5 17. Nxg5 h6 18. Nf3 Rfe8 19. Re1 Nf4 20. Qe3 Rxe4 21.
Qd2 Rde8 22. Bc2 Re2 23. Rxe2 Rxe2 24. Re1 Bxf3 25. gxf3 Qe5 26. Rxe2 Qg5+ 0-1